Map: 2000 Atmospheres LE

Players

HeroMarine - Winner!

  • Race: Terran Terran

Gerald

  • Race: Protoss Protoss

Event: DreamHack SC2 Masters 2021 Winter

VOD

Have the link to the VOD?

Description

Time

  • Played on: Oct. 1, 2021, 2:38 p.m.
  • Length: 8:12

All games in this series

Show
View Real Time Build Order
Export as new Build Order

HeroMarine Terran - Winner!

Build Orders:  

Get SALT Encoding   

  12  0:00  SCV  
  13  0:12  SCV  
  14  0:17  Supply Depot  
  14  0:24  SCV  
  15  0:38  SCV  
  15  0:39  Barracks  
  16  0:43  Refinery  
  16  0:50  SCV  
  17  1:02  SCV  
  18  1:14  SCV  
  19  1:25  Marine  
  19  1:26  Orbital Command  
  20  1:39  Command Center  
  20  1:44  Barracks Reactor  
  20  1:49  Supply Depot  
  20  1:52  SCV  
  21  2:04  SCV  
  22  2:16  SCV  
  22  2:19  Command Center  
  22  2:22  Marine  
  24  2:23  Marine  
  24  2:28  SCV  
  26  2:34  Barracks  
  26  2:40  Reaper  
  26  2:41  SCV, Marine  
  29  2:47  Bunker  
  29  2:54  Orbital Command  
  29  2:57  SCV  
  30  3:00  Marine  
  31  3:09  SCV  
  31  3:12  Marine  
  33  3:16  Engineering Bay  
  33  3:18  Marine  
  34  3:20  SCV  
  34  3:21  SCV, Barracks Tech Lab  
  36  3:29  Marine  
  36  3:32  SCV  
  36  3:33  SCV  
  39  3:34  Orbital Command  
  39  3:36  Marine  
  39  3:39  Stimpack  
  40  3:42  Marauder  
  40  3:44  SCV  
  44  3:48  SCV  
  44  3:50  Marine  
  44  3:53  Marine, Refinery, Terran Infantry Weapons Level 1  
  46  3:56  SCV  
  46  4:00  SCV  
  48  4:03  Barracks  
  48  4:04  Marauder  
  48  4:07  SCV  
  48  4:09  SCV  
  52  4:12  Supply Depot, SCV  
  52  4:13  Marine  
  52  4:15  Marine  
  55  4:20  Supply Depot, SCV  
  55  4:21  SCV  
  57  4:24  SCV  
  57  4:25  Marauder  
  57  4:30  Refinery  
  60  4:33  Marine x2  
  60  4:36  SCV x2  
  60  4:37  SCV  
  65  4:42  Factory  
  65  4:43  Supply Depot  
  65  4:46  Refinery  
  65  4:48  SCV x2  
  65  4:49  SCV  
  65  4:50  Marauder, Barracks Tech Lab  
  70  4:55  Marine x2  
  72  5:00  SCV  
  72  5:01  Supply Depot  
  72  5:06  Orbital Command  
  74  5:09  Barracks  
  74  5:11  Combat Shield, Barracks  
  74  5:12  SCV x2  
  75  5:18  Marauder x2  
  79  5:24  SCV x2  
  79  5:26  Marine  
  79  5:27  Marine  
  81  5:32  SCV  
  81  5:35  Starport, Factory Reactor  
  78  5:36  SCV  
  78  5:39  Marauder  
  78  5:40  Marauder  
  82  5:43  SCV  
  82  5:44  SCV  
  82  5:45  Marine  
  82  5:46  Marine  
  82  5:48  SCV  
  87  5:52  Concussive Shells  
  87  5:55  Terran Infantry Armor Level 1, SCV  
  87  5:56  SCV  
  87  5:57  Supply Depot x2  
  89  6:00  SCV, Barracks Tech Lab  
  89  6:01  Barracks Reactor  
  90  6:07  Supply Depot, SCV  
  90  6:08  Supply Depot, SCV  
  90  6:10  Missile Turret  
  92  6:12  SCV  
  93  6:19  Marauder x2, Medivac x2, SCV  
  93  6:20  SCV  
  93  6:23  Factory Tech Lab  
  93  6:24  SCV  
  93  6:25  Marauder  
  106  6:26  Marine x2  
  106  6:30  Refinery  
  106  6:31  Refinery  
  108  6:34  Supply Depot, SCV x2  
  108  6:36  SCV  
  111  6:40  Marauder x2  
  111  6:46  Siege Tank  
  118  6:49  Medivac x2  
  118  6:50  Marauder, Supply Depot  
  123  6:54  Marine x2  
  123  6:56  Marine x2  
  131  7:01  Marauder x2, Supply Depot  
  131  7:04  Supply Depot, Armory  
  131  7:12  Marauder  
  133  7:19  Viking x2  
  133  7:21  Supply Depot  
  141  7:23  Marauder x2, Marine x3  
  141  7:24  Supply Depot, Marine  
  145  7:34  Siege Tank  
  145  7:37  Marauder  
  150  7:41  Marine x3  
  157  7:44  Marauder x2  
  157  7:47  Supply Depot  
  161  7:55  Bunker  
  161  7:56  Supply Depot  
Show
View Real Time Build Order
Export as new Build Order

Gerald Protoss 

Build Orders: 1 Gate Expand, Blink Stalkers, Colossus Rush 

Get SALT Encoding   

  12  0:00  Probe  
  13  0:12  Probe  
  14  0:17  Pylon  
  14  0:24  Probe (Chrono Boost)  
  16  0:36  Gateway  
  16  0:37  Probe (Chrono Boost)  
  16  0:41  Probe (Chrono Boost)  
  16  0:46  Assimilator  
  17  0:51  Probe  
  18  1:04  Probe  
  19  1:16  Probe  
  20  1:23  Nexus  
  20  1:35  Cybernetics Core  
  20  1:37  Probe  
  21  1:42  Assimilator  
  21  1:49  Probe  
  22  1:55  Pylon  
  22  2:01  Probe  
  23  2:05  Sentry  
  23  2:13  Probe (Chrono Boost)  
  26  2:17  Warp Gate  
  26  2:22  Probe (Chrono Boost)  
  27  2:24  Gateway  
  27  2:28  Probe (Chrono Boost)  
  27  2:29  Stalker  
  28  2:35  Probe (Chrono Boost)  
  32  2:45  Twilight Council, Probe (Chrono Boost)  
  32  2:46  Probe (Chrono Boost)  
  33  2:51  Probe (Chrono Boost)  
  33  2:52  Probe (Chrono Boost)  
  35  3:03  Probe (Chrono Boost)  
  35  3:05  Robotics Facility  
  37  3:06  Probe (Chrono Boost)  
  37  3:15  Probe (Chrono Boost)  
  39  3:20  Probe (Chrono Boost)  
  39  3:21  Probe (Chrono Boost)  
  39  3:23  Pylon  
  40  3:28  Probe  
  40  3:29  Probe  
  42  3:40  Probe, Nexus  
  43  3:41  Probe  
  43  3:42  Pylon  
  43  3:52  Probe, Blink  
  43  3:53  Probe  
  45  3:56  Observer (Chrono Boost)  
  45  4:00  Assimilator  
  45  4:02  Assimilator  
  46  4:04  Probe  
  46  4:07  Pylon  
  46  4:09  Observer (Chrono Boost), Probe  
  48  4:14  Stalker  
  48  4:16  Probe  
  52  4:21  Probe, Pylon  
  53  4:24  Forge  
  53  4:28  Probe  
  54  4:34  Probe (Chrono Boost)  
  54  4:37  Robotics Bay  
  55  4:40  Probe (Chrono Boost)  
  55  4:44  Gateway  
  55  4:45  Gateway  
  57  4:46  Probe (Chrono Boost)  
  57  4:47  Observer  
  57  4:50  Probe (Chrono Boost)  
  57  4:51  Shield Battery  
  60  4:53  Probe (Chrono Boost)  
  60  4:54  Probe (Chrono Boost)  
  60  4:56  Sentry  
  60  4:57  Stalker  
  65  5:06  Photon Cannon  
  65  5:07  Probe x2  
  65  5:08  Probe  
  68  5:19  Probe  
  68  5:20  Probe  
  68  5:21  Stalker  
  72  5:22  Probe  
  64  5:29  Zealot  
  64  5:32  Colossus (Chrono Boost)  
  64  5:33  Probe  
  64  5:35  Probe  
  64  5:40  Stalker  
  63  5:44  Stalker, Observer  
  63  5:49  Probe  
  65  5:56  Probe  
  66  5:57  Nexus  
  66  6:01  Probe  
  66  6:03  Observer  
  67  6:05  Observer, Pylon  
  67  6:07  Observer  
  67  6:08  Probe  
  68  6:13  Probe  
  69  6:20  Probe  
  69  6:21  Disruptor (Chrono Boost)  
  69  6:22  Pylon  
  69  6:25  Probe  
  74  6:30  Stalker x2  
  78  6:35  Shield Battery  
  78  6:38  Gateway  
  78  6:40  Probe x2  
  78  6:42  Gateway  
  80  6:52  Probe  
  80  6:54  Probe  
  82  7:01  Stalker  
  82  7:02  Stalker  
  86  7:09  Probe x2, Pylon, Colossus (Chrono Boost)  
  94  7:17  Gateway  
  94  7:21  Stalker  
  96  7:29  Probe  
  97  7:30  Zealot x3  
  103  7:39  Probe  
  103  7:44  Zealot x2  
  106  7:48  Shield Battery  
  106  7:49  Pylon  
  108  8:04  Zealot x4  
  108  8:05  Zealot x2  

Tags
 
Add a new tag
Caveats
  • Supply blocks, unpowered buildings, or Contaminate may cause inaccurate times.
  • Supply counts are checked every 10 seconds.